 Dungeon Crawl Stone Soup version 0.30.0-29-ga12c61a403 (webtiles) character file.

Game seed: 7677968867279321453

388 qw the Chopper (level 6, -6/38 HPs)
             Began as a Gargoyle Fighter on June 2, 2023.
             Mangled by an ogre
             ... wielding a +0 giant club
              (9 damage)
             ... on level 4 of the Dungeon.
             The game lasted 00:01:55 (3454 turns).

qw the Chopper (Gargoyle Fighter)                   Turns: 3454, Time: 00:01:56

Health: -6/38      AC: 13    Str: 21    XL:     6   Next: 79%
Magic:  6/6        EV:  9    Int:  9    God:
Gold:   156        SH:  4    Dex:  9    Spells: 5/5 levels left

rFire   + . .        Y - +0 war axe (flame)
rCold   . . .        c - +0 buckler
rNeg    + . .        b - +0 scale mail
rPois   inf          (no helmet)
rElec   +            (no cloak)
rCorr   .            g - +1 pair of gloves
SInv    .            (no boots)
Will    .....        (no amulet) Stlth
                     f - ring of protection from fire
HPRegen 0.26/turn    (no ring)
MPRegen 0.10/turn

%: no passive effects
@: no status effects
A: sickness immunity, AC +4, negative energy resistance 1, electricity
resistance, torment resistance 1, petrification resistance
a: no special abilities


You were on level 4 of the Dungeon.
You visited 1 branch of the dungeon, and saw 4 of its levels.

You collected 156 gold pieces.


Innate Abilities, Weirdness & Mutations

You are immune to sickness and miasma.
Your stone body is resilient. (AC +4)
You are immune to poison.
You resist negative energy. (rN+)
You are resistant to electric shocks. (rElec)
You are resistant to unholy torment.
You are immune to petrification.


   Skills:
 - Level 4.3 Fighting
 + Level 5.7 Axes
 - Level 3.2 Armour
 - Level 1.1 Dodging
 - Level 3.2 Shields


You had 5 spell levels left.
You didn't know any spells.
Your spell library was empty.

Inventory:

Hand Weapons
 Y - a +0 war axe of flaming (weapon)
Armour
 b - a +0 scale mail (worn)
 c - a +0 buckler (worn)
 g - a +1 pair of gloves (worn)
Jewellery
 f - a ring of protection from fire (left hand)
Scrolls
 a - a scroll of identify
 n - a scroll of poison {unknown}
 p - 2 scrolls of blinking {unknown}
 q - a scroll of fog {unknown}
Potions
 d - 3 potions of might
 e - a potion of haste {unknown}
 h - a potion of resistance {unknown}
 i - a potion of curing
 j - a potion of lignification {unknown}
 k - a potion of cancellation {unknown}
 l - a potion of magic {unknown}
 m - a potion of invisibility {unknown}
 o - a potion of heal wounds {unknown}

Dungeon Overview and Level Annotations

Branches:
Dungeon (4/15)
 Temple: D:4-7

Altars:
Zin


Message History

Enter note:
Enter note:
Enter note:
Enter note:
Enter note:
Enter note:
Enter note:
Enter note:
Enter note:
Enter note: You hit the jelly.
You burn the jelly.
Your hands burn!
The jelly is heavily wounded.
The jelly hits you but does no damage.
You slash the jelly! You burn the jelly.
You kill the jelly!
You start resting.
HP restored.
You see here a +0 scale mail.
There is a stone staircase leading down here.
An ogre comes into view. It is wielding a +0 giant club.
3440 ||| Stepping ~*~*~tactically~*~*~ (stealth).
The ogre shouts!
You closely miss the ogre.
The ogre hits you with a +0 giant club!!
Ouch! That really hurt!
You hit the ogre. You burn the ogre.
The ogre is lightly wounded.
The ogre hits you but does no damage.
You barely miss the ogre.
The ogre is lightly wounded.
The ogre hits you with a +0 giant club!
You closely miss the ogre.
The ogre is lightly wounded.
You barely miss the ogre.
The ogre is lightly wounded.
The ogre hits you with a +0 giant club!
You hit the ogre. You burn the ogre.
The ogre is moderately wounded.
The ogre hits you with a +0 giant club!
You die...

.# .# .# .# .# ####### .# #.#...#
.#####.#...#########
.#.#.#.#...#.#.#@#.#
#.#.#.#%....#.#O#.###############
+#.#.#.#...#.#.#.#...............
#.#.#.#....+#.#.#.#..............
.#.#.#.#...#.#.#.#.######..######
#.#.#.#.#+#.#.#.#.## #........
.#.#.#.#.#.#.#.#.#.# #........
#.#.#.#.#.#.#.#.#.#######........
.#.#.#.#.#.#.#.#.#.........#####.


You could see an ogre.

Vanquished Creatures
  A phantom (D:4)
  A howler monkey (D:4)
  A hound (D:4)
  A jelly (D:4)
  2 iguanas (D:4)
  4 gnolls (D:2)
  5 adders
  A worm (D:3)
  A dart slug (D:4)
  13 endoplasms
  5 goblins
  6 hobgoblins
  7 jackals
  7 kobolds
  A quokka (D:4)
  6 ball pythons
  4 bats
  7 frilled lizards
  6 rats
79 creatures vanquished.

Notes
Turn   | Place    | Note
-------+----------+-------------------------------------------
     0 | D:1      | qw the Gargoyle Fighter began the quest for the Orb.
     0 | D:1      | Reached XP level 1. HP: 14/14 MP: 1/1
     0 | D:1      | 0 ||| qw: Version: 0.2-a-102-gdf20003
     0 | D:1      | 0 ||| qw: Game counter: 898
     0 | D:1      | 0 ||| qw: Always use a shield: true
     0 | D:1      | 0 ||| qw: God list: Okawaru
     0 | D:1      | 0 ||| qw: Allow faded altars: false
     0 | D:1      | 0 ||| qw: Do Orc after D:15 true
     0 | D:1      | 0 ||| qw: Do second Lair branch before Depths: true
     0 | D:1      | 0 ||| qw: Lair rune preference: random
     0 | D:1      | 0 ||| qw: Plans: Normal, Zot:1-4, Slime:5, God:TSO, Crypt,
                  | Tomb, Pan, Hells, Abyss, Win
     0 | D:1      | 0 ||| PLANNING D:1-11
    19 | D:1      | Reached skill level 2 in Axes
   158 | D:1      | 158 ||| Stepping ~*~*~tactically~*~*~ (stealth).
   160 | D:1      | 160 ||| Stepping ~*~*~tactically~*~*~ (stealth).
   165 | D:1      | Reached XP level 2. HP: 15/19 MP: 2/2
   170 | D:1      | 170 ||| Stepping ~*~*~tactically~*~*~ (stealth).
   846 | D:1      | 846 ||| READING scroll labelled ERI IFE BAWE.
   847 | D:1      | 847 ||| READING scroll labelled LAOM ARRERE.
   850 | D:1      | 850 ||| DRINKING 2 red potions.
   851 | D:1      | 851 ||| DROPPING potion of flight.
   967 | D:1      | Reached skill level 3 in Axes
  1014 | D:2      | Reached XP level 3. HP: 23/23 MP: 3/3
  1079 | D:2      | Found a faded altar of an unknown god.
  1101 | D:2      | 1101 ||| Stepping ~*~*~tactically~*~*~ (hiding).
  1102 | D:2      | 1102 ||| Stepping ~*~*~tactically~*~*~ (hiding).
  1118 | D:2      | Reached XP level 4. HP: 27/28 MP: 4/4
  1122 | D:2      | Reached skill level 4 in Axes
  1370 | D:2      | 1370 ||| Stepping ~*~*~tactically~*~*~ (hiding).
  1371 | D:2      | 1371 ||| Stepping ~*~*~tactically~*~*~ (hiding).
  1689 | D:2      | 1689 ||| UPGRADING to +1 pair of gloves.
  1694 | D:2      | 1694 ||| READING 4 scrolls labelled AGGISO WYTILYR.
  1695 | D:2      | 1695 ||| READING 3 scrolls of identify.
  1695 | D:2      | 1695 ||| IDENTIFYING bubbling clear potion
  1696 | D:2      | 1696 ||| READING 2 scrolls of identify.
  1696 | D:2      | 1696 ||| IDENTIFYING coppery potion
  1697 | D:2      | 1697 ||| DROPPING potion of brilliance.
  1698 | D:2      | 1698 ||| DROPPING potion of ambrosia.
  1853 | D:3      | 1853 ||| Stepping ~*~*~tactically~*~*~ (stealth).
  1854 | D:3      | 1854 ||| Stepping ~*~*~tactically~*~*~ (stealth).
  1876 | D:3      | Found a glowing silver altar of Zin.
  2269 | D:3      | Identified the +3 long sword of Deflation {flame, rElec
                  | rPois Str-2 Int+4}
  2441 | D:3      | 2441 ||| UPGRADING to ring of protection from fire.
  2442 | D:3      | 2442 ||| DRINKING 2 purple potions.
  2471 | D:4      | 2471 ||| Stepping ~*~*~tactically~*~*~ (hiding).
  2472 | D:4      | 2472 ||| Stepping ~*~*~tactically~*~*~ (stealth).
  2478 | D:4      | 2478 ||| Stepping ~*~*~tactically~*~*~ (stealth).
  2480 | D:4      | 2480 ||| Stepping ~*~*~tactically~*~*~ (stealth).
  2481 | D:4      | 2481 ||| Stepping ~*~*~tactically~*~*~ (stealth).
  2483 | D:4      | 2483 ||| Stepping ~*~*~tactically~*~*~ (stealth).
  2484 | D:4      | 2484 ||| Stepping ~*~*~tactically~*~*~ (stealth).
  2496 | D:4      | Reached XP level 5. HP: 29/32 MP: 5/5
  2519 | D:4      | 2519 ||| Stepping ~*~*~tactically~*~*~ (stealth).
  2520 | D:4      | 2520 ||| Stepping ~*~*~tactically~*~*~ (stealth).
  2540 | D:4      | Reached skill level 5 in Axes
  2579 | D:4      | 2579 ||| Stepping ~*~*~tactically~*~*~ (stealth).
  2596 | D:4      | Reached XP level 6. HP: 37/38 MP: 6/6
  2597 | D:4      | 2597 ||| Stepping ~*~*~tactically~*~*~ (stealth).
  2598 | D:4      | 2598 ||| Stepping ~*~*~tactically~*~*~ (stealth).
  2614 | D:4      | Reached skill level 1 in Dodging
  2705 | D:4      | 2705 ||| Stepping ~*~*~tactically~*~*~ (hiding).
  2706 | D:4      | 2706 ||| Stepping ~*~*~tactically~*~*~ (hiding).
  2710 | D:4      | 2710 ||| Stepping ~*~*~tactically~*~*~ (hiding).
  2919 | D:4      | 2919 ||| Stepping ~*~*~tactically~*~*~ (stealth).
  3440 | D:4      | 3440 ||| Stepping ~*~*~tactically~*~*~ (stealth).
  3453 | D:4      | HP: 3/38 [ogre/+0 giant club (9)]
  3454 | D:4      | Mangled by an ogre

Levels and vault maps discovered:
D:1:      moated_graveyard_arrival, layout_loops_cross, st_stairs_9
D:2:      layout_rooms, shapermc_ecumenical_altar_gd
D:3:      layout_basic, lemuel_coloured_pillars_altar
D:4:      layout_basic

Skill      XL: |  1  2  3  4  5  6 |
---------------+-------------------+-----
Axes           | 2 3 4 5 |  5.7
Fighting       | 4 |  4.3
Dodging        | 1 |  1.1
Armour         | |  3.2
Shields        | |  3.2

Action                     |  1- 3 |  4- 6 || total
---------------------------+-------+-------++-------
  Melee: War axe           |    74 |   154 ||   228
    Use: Scroll            |     2 |     3 ||     5
         Potion            |     1 |     1 ||     2
 Armour: Scale mail        |    36 |    83 ||   119
  Dodge: Dodged            |    38 |    49 ||    87
  Block: Buckler           |    15 |    23 ||    38

Table legend:
 A = Non-vault XP
 B = Vault XP
 C = Vault XP percentage of total XP
 D = Non-vault monster count
 E = Vault monster count
 F = Vault count percentage of total count
                 A         B        C        D         E       F
            +---------+---------+-------+---------+---------+-------
      Total |     550 |       5 |   0.9 |      76 |       3 |   3.8
            +---------+---------+-------+---------+---------+-------
        D:1 |      27 |       5 |  15.6 |      19 |       3 |  13.6
        D:2 |      86 |       0 |   0.0 |      16 |       0 |   0.0
        D:3 |      34 |       0 |   0.0 |      18 |       0 |   0.0
        D:4 |     403 |       0 |   0.0 |      23 |       0 |   0.0
            +---------+---------+-------+---------+---------+-------
